[Event "IV Estrellas 2022"]
[Site "La Palma"]
[Date "2022.08.12"]
[Round "9.3"]
[White "Pierrot, Facundo"]
[Black "Martinez Duany, Lelys Stanley"]
[Result "1/2-1/2"]
[ECO "C97"]
[WhiteElo "2371"]
[BlackElo "2497"]
[Annotator "TA"]
[PlyCount "64"]
[EventDate "2022.08.06"]
[EventType "swiss"]
[EventCountry "ESP"]
[SourceTitle "playchess.com"]
[Source "ChessBase"]
[SourceQuality "1"]
[TimeControl "5400+30"]

1. e4 e5 2. Nf3 Nc6 3. Bb5 a6 4. Ba4 Nf6 5. O-O Be7 6. Re1 b5 7. Bb3 d6 8. c3 Na5 9. Bc2 c5 10. d4 Qc7 11. Nbd2 O-O 12. h3 Bd7 13. Nf1 Nc4 14. Ne3 Nxe3 15. Bxe3 Rfc8 {[%emt 0:01:08] C97: Closed Ruy Lopez: Chigorin Defence: 11 d4 Qc7, sidelines.} 16. Rc1 h6 {[%emt 0:04:15] [#]} 17. b3 $146 ({Predecessor:} 17. Nd2 Be6 18. f4 cxd4 19. cxd4 Bxa2 20. Nf3 exf4 21. Bxf4 Bc4 22. d5 Qc5+ 23. Be3 {1-0 (63) Bokelbrink,U-De Groot,A ICCF corr 1996}) 17... c4 {[%emt 0:03:38] The position is equal.} 18. bxc4 bxc4 19. Rb1 Rab8 20. Qd2 Bc6 21. d5 Bd7 22. Rxb8 Rxb8 23. Rb1 {[%emt 0:00:06] Prevents Rb2.} Rb5 (23... Rxb1+ $11 {remains equal.} 24. Bxb1 Qa5) 24. Qe2 Rxb1+ 25. Bxb1 Bb5 {[%emt 0:00:09] [#]} 26. Qb2 $1 Qa5 (26... Bd8 $142) 27. Nd2 (27. Bc2 $16) 27... Nd7 $14 28. Bc2 {[%cal Oa2a4] Threatens to win with a4!} Bg5 (28... Nb6 $1 $14) 29. Bxg5 $16 hxg5 30. a4 $1 Bxa4 31. Qa3 $2 {[%emt 0:02:00] [#]} (31. Nxc4 $18 Qb5 32. Bxa4 Qxa4 33. Nxd6) 31... Nb6 $1 $11 32. Qb2 $2 (32. Bxa4 $11 {and White stays safe.} Nxa4 33. Nf3 (33. Nxc4 Qxc3 34. Qxa4 Qc1+ 35. Kh2 Qf4+ 36. Kh1 Qc1+ 37. Kh2 Qf4+ 38. Kh1 Qc1+ 39. Kh2 $11)) 32... Bb5 {Weighted Error Value: White=0.48/Black=0.26 (precise)} (32... Bxc2 $19 33. Qxc2 Qa1+ 34. Qb1 Qxc3) 1/2-1/2

[Event "IV Estrellas 2022"]
[Site "La Palma"]
[Date "2022.08.12"]
[Round "9.4"]
[White "Pulvett Marin, Daniel Eduardo"]
[Black "Martinez Reyes, Pedro Ramon"]
[Result "1-0"]
[ECO "B86"]
[WhiteElo "2523"]
[BlackElo "2408"]
[Annotator "TA"]
[PlyCount "83"]
[EventDate "2022.08.06"]
[EventType "swiss"]
[EventCountry "ESP"]
[SourceTitle "playchess.com"]
[Source "ChessBase"]
[SourceQuality "1"]
[TimeControl "5400+30"]

1. e4 c5 2. Nf3 d6 3. d4 Nf6 4. Nc3 cxd4 5. Nxd4 a6 6. Bc4 e6 7. Bb3 Be7 8. g4 h6 9. Be3 Nc6 10. Rg1 g5 {[%emt 0:00:30] B86: Sicilian Scheveningen/Najdorf: 6 Bc4, without early ...b5.} (10... Bd7 $11) 11. Qe2 $16 Bd7 12. O-O-O {[%emt 0:00:30] [#] White is more active.} Qa5 $146 {[%emt 0:00:30] White is better.} ({Predecessor:} 12... Qc7 13. h4 gxh4 14. f4 O-O-O 15. f5 Na5 16. fxe6 Nxb3+ 17. cxb3 fxe6 18. Kb1 Kb8 {1-0 (43) Nukin,A (2343)-Shlegin,S (2316) Saratov 2009}) 13. Nxc6 Bxc6 14. Bd4 Rg8 15. Rg3 Kf8 ({Resist} 15... e5 16. Be3 $16) 16. Kb1 Rg6 (16... Nd7 $14) 17. Qe3 (17. h4 $16) 17... Nd7 18. Ne2 Bf6 19. f4 {[%emt 0:00:30] Strongly threatening Rf3.} (19. f3 $5 ) 19... e5 $2 {[%emt 0:00:30] Black cannot hold the game after this.} (19... Bxd4 $14 20. Qxd4 e5 21. fxe5 (21. Qc4 d5 $11) 21... Qxe5) 20. fxe5 $18 Bxe5 21. Rf3 Rf6 22. Rdf1 Rxf3 (22... Ke7 23. Rxf6 Nxf6) 23. Qxf3 f6 {[%emt 0:00:30] [#]} 24. Qf5 $1 Ke7 25. Qe6+ Kd8 26. Qg8+ Kc7 27. Qxa8 Qd2 {[%emt 0:00:30] [#] Against Rd1} 28. Bxe5 $1 Qxe2 {[%emt 0:00:30][%cal Re2f1] [#]} 29. Bxd6+ $1 Kxd6 30. Rc1 Kc7 31. Bd5 ({Don't take} 31. Be6 Qxh2 32. Qg8 Nc5) 31... Qxg4 $2 (31... Bxd5 32. exd5 Qxh2) 32. Bxc6 Kxc6 {[%emt 0:00:30][%mdl 4096] Endgame KQR-KQN} 33. Qe8 (33. Qc8+ $142 Kb6 34. h3 Qxh3 35. Rd1) 33... h5 $2 (33... Kc7 {might work better.} 34. Qf7 Qe2) 34. a4 h4 (34... Kc7 $142 35. Re1 Qf3) 35. Re1 {[%emt 0:00:30] Qd8 is the strong threat.} Kc7 36. Qe7 h3 37. Ka2 {[%emt 0:00:30] aiming for Re3.} Qf3 {Inhibits Re3.} 38. Rg1 {[%emt 0:00:30] Threatens to win with Rg3.} Qg2 (38... Qe2 $18 39. Kb1 b6) 39. Rd1 Qg4 40. Rd3 a5 41. Rc3+ Kb6 42. Rg3 {[%emt 0:00:30] Weighted Error Value: White=0.34/Black=0.67} (42. Qd8+ $142 Ka7 43. Qxa5+ Kb8 44. Qc7+ Ka7 45. Rb3 Qxe4 46. Qxd7) 1-0

[Event "IV Estrellas 2022"]
[Site "La Palma"]
[Date "2022.08.12"]
[Round "9.5"]
[White "Kurajica, Bojan"]
[Black "Del Rey, Diego"]
[Result "1-0"]
[ECO "D11"]
[WhiteElo "2525"]
[BlackElo "2358"]
[Annotator "TA"]
[PlyCount "115"]
[EventDate "2022.08.06"]
[EventType "swiss"]
[EventCountry "ESP"]
[SourceTitle "playchess.com"]
[Source "ChessBase"]
[SourceQuality "1"]
[TimeControl "5400+30"]

1. Nf3 d5 2. d4 c6 3. c4 dxc4 4. a4 Nf6 5. e3 Be6 6. Qc2 {[%emt 0:04:52] D11: Slav Defence: 3 Nf3 sidelines and 3...Nf6 4 e3 Bg4.} Na6 7. Bd2 {[%emt 0:03:21] Inhibits Nb4.} Bd5 8. Bxc4 {[%emt 0:02:22] The position is equal.} Bxc4 9. Qxc4 {[%emt 0:00:30] [#]} Qd5 $146 ({Predecessor:} 9... e6 10. O-O Be7 11. b4 Nc7 12. Nc3 O-O 13. b5 cxb5 14. axb5 Ncd5 15. Rfc1 Nxc3 16. Bxc3 {1-0 (46) Zontakh,A (2531)-Riazantsev,A (2572) bereg.ru Int 2003}) 10. Qxd5 Nxd5 11. e4 Nf6 12. Nc3 e6 13. O-O Be7 14. Be3 O-O 15. Rfd1 Rfd8 16. Rac1 h6 17. Ne5 c5 18. f3 cxd4 19. Rxd4 Bc5 20. Rxd8+ Rxd8 21. Bxc5 Nxc5 22. b4 Nb3 23. Rb1 Nd4 24. Rd1 Ne2+ 25. Kf2 Rxd1 26. Nxd1 $14 {[%emt 0:00:06][%mdl 4096] Endgame KNN-KNN} Nd4 27. Nb2 Ne8 28. Nbd3 f6 29. Nc4 b5 30. axb5 Nxb5 31. f4 g5 32. g3 Kf7 33. Ke3 Ke7 34. e5 Nec7 35. exf6+ Kxf6 36. fxg5+ hxg5 37. Kf3 Kf5 38. Ne3+ Kg6 39. Ke4 Kf6 40. Ng4+ Ke7 41. Ke5 Nd6 42. Kd4 a5 $2 {[%emt 0:02:15] [#] A mistake that costs the game.} ({Black should play} 42... Nf7 $14) 43. bxa5 $18 {[%emt 0:00:40] Threatens to win with Kc5.} Nb7 44. Nde5 Nxa5 45. Nf3 Nc6+ (45... Nb5+ {was necessary.} 46. Kd3 Nd6) 46. Ke4 Ne8 47. Nxg5 Nd6+ 48. Kf4 Nb4 49. Ne4 {[%emt 0:01:24] [#] Hoping for Nxd6.} Nf7 (49... Nd5+ {was worth a try.} 50. Ke5 Nf7+ 51. Kd4 Nb4) 50. h4 Nd5+ 51. Kf3 e5 $2 (51... Kf8 52. Nc5 Ke7) 52. Ne3 Nc7 53. g4 Kf8 54. Nf5 Ne6 55. g5 Nd4+ 56. Kg4 {[%emt 0:02:00] White mates.} Nd8 57. h5 N8e6 58. h6 {[%emt 0:00:00] Weighted Error Value: White=0.08 (flawless) /Black=0.44} 1-0

[Event "IV Estrellas 2022"]
[Site "La Palma"]
[Date "2022.08.12"]
[Round "9.6"]
[White "Herrera Reyes, Jose Antonio"]
[Black "Hernandez Leon, Sergio"]
[Result "0-1"]
[ECO "A14"]
[WhiteElo "2345"]
[BlackElo "2094"]
[Annotator "TA"]
[PlyCount "58"]
[EventDate "2022.08.06"]
[EventType "swiss"]
[EventCountry "ESP"]
[SourceTitle "playchess.com"]
[Source "ChessBase"]
[SourceQuality "1"]
[TimeControl "5400+30"]

1. Nf3 d5 2. g3 Nf6 3. Bg2 e6 4. O-O Be7 5. c4 O-O 6. b3 b6 7. Bb2 Bb7 8. Qc2 {[%emt 0:02:10] 8.cxd5 is a critical line.} c5 {[%emt 0:00:45] A14: English Opening: 1...e6 with b3 by White.} 9. Ng5 {[%emt 0:02:25] [#] Hoping for Bxf6.} h6 10. Bxf6 hxg5 {[%emt 0:00:15] Black is slightly better.} 11. Bxe7 Qxe7 12. cxd5 Bxd5 13. Bxd5 exd5 {[%emt 0:00:02] [#]} 14. Qf5 $146 ({Predecessor:} 14. Nc3 Nc6 15. Rae1 Rad8 16. f4 d4 17. Ne4 Nb4 18. Qb1 gxf4 19. Rxf4 d3 20. exd3 {1-0 (28) Dushin,N (2229)-Voronenkov,S (1980) St Petersburg 2007}) 14... Nc6 15. Nc3 $1 Nd4 16. Qg4 Rad8 {[%emt 0:00:56] Black is more active.} 17. e3 f5 $36 {[%emt 0:00:45][%mdl 2048] Black has strong initiative.} 18. Qh5 Ne6 19. Rae1 Qf6 20. h3 {[%emt 0:06:45] Prevents g4.} g6 21. Qf3 {[%emt 0:02:31] White does not recover from this.} (21. Qe2 $17 {was necessary.}) 21... g4 $19 22. Qh1 {[%emt 0:08:34] [#]} ({Reject} 22. hxg4 Ng5 23. Qe2 fxg4 $19) (22. Qd1 {is a better defense.} Ng5 23. d4 (23. hxg4 $2 fxg4 24. Kg2 Nf3 $19)) 22... Ng5 $1 {[%emt 0:03:38] Black is clearly winning.} 23. f4 Nxh3+ 24. Kh2 Kg7 {[%emt 0:01:01] aiming for ...Rh8.} 25. Nxd5 Qe6 {[%emt 0:00:17] ( -> ...Rh8)} 26. Nc3 Rxd2+ 27. Re2 Rxe2+ 28. Nxe2 Qxe3 {[%emt 0:00:12] Strongly threatening ...Rh8.} 29. Qg2 Re8 {[%emt 0:02:15] Weighted Error Value: White=0.98/Black=0.26 (precise)} (29... Rh8 $142 30. Qb7+ Kh6) 0-1

[Event "IV Estrellas 2022"]
[Site "La Palma"]
[Date "2022.08.12"]
[Round "9.7"]
[White "Roeder, Matthias"]
[Black "Antic, Dejan"]
[Result "1/2-1/2"]
[ECO "A07"]
[WhiteElo "2357"]
[BlackElo "2452"]
[Annotator "TA"]
[PlyCount "43"]
[EventDate "2022.08.06"]
[EventType "swiss"]
[EventCountry "ESP"]
[SourceTitle "playchess.com"]
[Source "ChessBase"]
[SourceQuality "1"]
[TimeControl "5400+30"]

1. Nf3 e6 2. g3 d5 3. Bg2 a6 4. O-O Nf6 5. b3 c5 6. Bb2 {[%emt 0:00:53] [#] A07: Réti Opening: New York and Capablanca Systems.} Be7 $146 ({Predecessor:} 6... Nc6 7. d4 cxd4 8. Nxd4 Bc5 9. Nxc6 bxc6 10. Nd2 O-O 11. e4 Re8 12. c4 Bb7 13. cxd5 exd5 {1-0 (37) Doluhanova,E (2229)-Musovic,A (2207) Chess.com INT 2020}) 7. e3 b5 8. c4 {[%emt 0:00:26] The position is equal.} Bb7 9. d4 dxc4 10. bxc4 Nbd7 11. Nbd2 O-O 12. Ne5 (12. Qe2 $11) 12... Bxg2 $15 13. Kxg2 Nxe5 14. dxe5 {[%emt 0:00:00] [#]} Nd7 15. a4 bxa4 (15... b4 $17) 16. Bc3 $11 Qc7 17. Nf3 Nb8 18. Qxa4 Nc6 19. Ba5 Qb7 {[%emt 0:04:50] Hoping for ...Nxe5.} 20. Rfb1 Nb4 21. Rd1 (21. Qd1 $15) 21... Qe4 $2 {[%emt 0:02:32] [#]} (21... Ra7 $17 {stays on course.} 22. Ra3 g5) 22. Bxb4 {[%emt 0:00:00] Weighted Error Value: White=0.20 (precise) /Black=0.25 (precise)} 1/2-1/2

[Event "IV Estrellas 2022"]
[Site "La Palma"]
[Date "2022.08.12"]
[Round "9.8"]
[White "Sosa Suarez, Carla Cristina"]
[Black "Garcia Blanco, Omar"]
[Result "0-1"]
[ECO "B41"]
[WhiteElo "2125"]
[BlackElo "2352"]
[Annotator "TA"]
[PlyCount "82"]
[EventDate "2022.08.06"]
[EventType "swiss"]
[EventCountry "ESP"]
[SourceTitle "playchess.com"]
[Source "ChessBase"]
[SourceQuality "1"]
[TimeControl "5400+30"]

1. e4 c5 2. Nf3 a6 3. c4 e6 4. d4 cxd4 5. Nxd4 Nf6 6. Nc3 Bb4 7. Bd3 Nc6 8. Nxc6 dxc6 9. e5 Qd4 10. exf6 Bxc3+ 11. bxc3 Qxc3+ 12. Bd2 {[%emt 0:01:25] B41: Sicilian: Kan Variation: 5 c4.} Qxd3 13. fxg7 Rg8 14. Ba5 ({White should play} 14. Bh6 $11 Qe4+ 15. Qe2 Qxe2+ 16. Kxe2) 14... Qe4+ $1 $15 15. Qe2 $1 Qxe2+ (15... Qxg2 16. Qd3 $1 Qg5 17. Bc3 $11) 16. Kxe2 {[%emt 0:00:02] [#]} Rxg7 $146 ({Predecessor:} 16... e5 17. c5 Rxg7 18. g3 Bf5 19. Rhd1 Rg4 20. Rd2 Rc4 21. Bb6 Ra4 22. Rb2 Rc8 {1-0 (62) Kononenko,D (2443)-Alexandrova,O (2445) Alushta 2003}) 17. Rhd1 Bd7 18. c5 Rg5 19. Rab1 {[%emt 0:04:00] [#] White is now going downhill.} b5 $1 ({Of course not} 19... Rxc5 20. Rxb7 Re5+ 21. Kf3 $15) 20. Rb4 Rxc5 ({Weaker is} 20... Rxg2 21. Rbd4 Ra7 22. Rh4 $15) 21. Rg4 {[%emt 0:00:11] Black must now prevent Rg8+.} Re5+ (21... Rc2+ $2 22. Kd3 Rxa2 23. Rg8+ Ke7 24. Bb4+ Kf6 25. Rxa8 $18) 22. Kf3 {[%emt 0:03:17] Threatens to win with Rg8+.} Ke7 23. Bc7 (23. Rgd4 $17 Rd5 24. Bb4+ Kd8 25. Ke2) 23... Rd5 $19 24. Rxd5 exd5 {[%emt 0:00:11][%mdl 4096] Endgame KRB-KRB} (24... cxd5 $2 {perishes.} 25. Rh4 $19) 25. Rh4 Bf5 26. Kf4 Bb1 27. a3 (27. Bb6 $142) 27... Rc8 28. Bb6 c5 29. Ke5 d4 {[%emt 0:00:40] Strongly threatening ...d3. Black is clearly winning.} 30. Kd5 Ba2+ 31. Ke5 (31. Ke4 $142 Ke6 32. Rh6+ f6 33. Kf3) 31... Rc6 32. Ba5 Re6+ 33. Kf4 Bb1 34. Rh5 Kd6 35. Bb6 c4 {[%emt 0:00:07] ...c3 is the strong threat.} 36. Bc5+ Kc6 37. f3 Bg6 {[%emt 0:00:22] And now ...d3 would win.} 38. Rg5 h6 39. Rxg6 Rxg6 40. Bxd4 Rxg2 41. Bc3 Rxh2 {[%emt 0:00:19] Weighted Error Value: White=0.40/Black=0.09 (flawless)} 0-1

[Event "IV Estrellas 2022"]
[Site "La Palma"]
[Date "2022.08.12"]
[Round "9.9"]
[White "Acosta Sosa, Juan Manuel"]
[Black "Miranda Herrera, Miguel"]
[Result "1/2-1/2"]
[ECO "E11"]
[WhiteElo "2310"]
[BlackElo "1904"]
[Annotator "TA"]
[PlyCount "84"]
[EventDate "2022.08.06"]
[EventType "swiss"]
[EventCountry "ESP"]
[SourceTitle "playchess.com"]
[Source "ChessBase"]
[SourceQuality "1"]
[TimeControl "5400+30"]

1. d4 d5 2. Nf3 Nf6 3. c4 e6 4. g3 Bb4+ 5. Bd2 Be7 6. Bg2 O-O 7. O-O dxc4 {[%emt 0:01:26] E11: Bogo-Indian.} 8. Qc2 {[%emt 0:00:22] 8.Qa4 is not played anymore.} Bd7 (8... b5 {seems wilder.} 9. Ne5 Nd5 10. b3 cxb3 11. axb3 Bb7) 9. Ne5 Nc6 {[%emt 0:00:06] [#] The position is equal.} 10. Nxc6 $146 (10. Qxc4 {is interesting.} Nxe5 11. dxe5 Nd5 12. Nc3) ({Predecessor:} 10. Qxc4 Nxe5 11. dxe5 Nd5 12. Nc3 c6 13. a4 Qb8 14. f4 a5 15. Qd3 Qc7 16. Rac1 {½-½ (43) Unander,M-Plato,B Sweden 1994}) 10... Bxc6 11. Bxc6 bxc6 12. Qxc4 Qd5 13. Rc1 Qh5 14. Kg2 Rad8 15. Bc3 Nd5 16. e4 Bg5 17. Re1 Nxc3 18. Nxc3 Bd2 19. Re2 Bxc3 20. bxc3 Qb5 {[%emt 0:00:07] Inhibits Rb1.} 21. Qxb5 cxb5 $14 {[%emt 0:00:05][%mdl 4096] Endgame KRR-KRR} 22. Rb2 a6 23. a4 c6 24. axb5 axb5 25. Ra7 Rc8 26. Kf3 Rfd8 27. Ke3 {[%emt 0:00:54] White is more active.} g6 28. e5 ({Better is} 28. h4 $16) 28... c5 $11 29. Rxb5 cxd4+ 30. cxd4 Rc3+ $1 31. Ke4 Rc4 32. Rbb7 Rcxd4+ 33. Ke3 Rd3+ 34. Ke2 Rd2+ $1 35. Kf3 Rf8 36. Ke3 Rc2 37. h3 h6 38. f3 (38. Rc7 $11 Rxc7 39. Rxc7) 38... Rc3+ (38... Rg2 $1 $15) 39. Ke4 ({White should play} 39. Kf2 $11) 39... Rfc8 $15 40. Rb4 {[%emt 0:00:50] [#]} Rd8 (40... g5 $1 $17) 41. Rbb7 Rdc8 42. Rb4 Rd8 {[%emt 0:00:00] Weighted Error Value: White=0.11 (very precise) /Black=0.11 (very precise)} 1/2-1/2

[Event "IV Estrellas 2022"]
[Site "La Palma"]
[Date "2022.08.12"]
[Round "9.10"]
[White "Estremera Panos, Sergio"]
[Black "Arnaiz Yanes, Miguel Angel"]
[Result "1-0"]
[ECO "A51"]
[WhiteElo "2262"]
[BlackElo "1923"]
[Annotator "TA"]
[PlyCount "43"]
[EventDate "2022.08.06"]
[EventType "swiss"]
[EventCountry "ESP"]
[SourceTitle "playchess.com"]
[Source "ChessBase"]
[SourceQuality "1"]
[TimeControl "5400+30"]

1. d4 Nf6 2. c4 e5 3. dxe5 Ne4 4. a3 Nc6 5. Nf3 d6 {[%emt 0:00:07] [#]} 6. Qc2 $1 Bf5 {[%emt 0:00:09][%cal Oe4g3] Strongly threatening ...Ng3! A51: Budapest Gambit, Fajarowicz Variation.} 7. Nc3 Nxf2 {[%emt 0:00:53] [#]} 8. Qxf5 g6 {[%emt 0:01:06] White is clearly better.} 9. Qf6 Qxf6 10. exf6 Nxh1 {[%emt 0:01:35] [#]} 11. Nd5 $146 ({Predecessor:} 11. g3 h6 12. Bg2 Nxg3 13. hxg3 O-O-O 14. Bf4 g5 15. Be3 Re8 16. Kf2 Kb8 17. Nd5 {1-0 (29) Zinke,T-Muller,R (1492) GER email 2012}) 11... Kd7 (11... O-O-O $16 {keeps fighting.}) 12. g3 $18 {[%emt 0:02:23][%mdl 1024] White has strong compensation.} Nd8 $2 (12... Re8 13. Bh3+ (13. Bg2 Nxg3 14. hxg3 Kc8 $16) 13... Kd8) 13. Bh3+ Ne6 14. Be3 {[%emt 0:12:13] Threatens to win with Ng5.} h5 15. O-O-O Bh6 16. Rxh1 {[%emt 0:08:48] Bxh6 is the strong threat.} Bxe3+ 17. Nxe3 c6 18. Ng5 {[%emt 0:01:28] White is clearly winning.} Rhf8 (18... Raf8 $142 19. Ng2 Ke8) 19. Rf1 Rae8 20. Ng2 Kd8 21. Bxe6 fxe6 22. Nh4 {[%emt 0:00:09] Weighted Error Value: White=0.14 (very precise) /Black=0.62} 1-0

[Event "IV Estrellas 2022"]
[Site "La Palma"]
[Date "2022.08.12"]
[Round "9.11"]
[White "Cubas Cabrera, Angel Luis"]
[Black "Rodriguez Bittar, Karim Javier"]
[Result "1-0"]
[ECO "A84"]
[WhiteElo "2207"]
[BlackElo "1881"]
[Annotator "TA"]
[PlyCount "158"]
[EventDate "2022.08.06"]
[EventType "swiss"]
[EventCountry "ESP"]
[SourceTitle "playchess.com"]
[Source "ChessBase"]
[SourceQuality "1"]
[TimeControl "5400+30"]

1. d4 d5 2. Nf3 c6 3. c4 e6 4. e3 f5 5. Be2 Bd6 6. Nc3 {[%emt 0:02:39] A84: Dutch Defence: 2 c4 Miscellaneous.} Nd7 7. Qc2 Nh6 8. Rb1 {[%emt 0:01:16] White has an edge.} a5 9. a3 {[%emt 0:00:15] [#]} O-O $146 ({Predecessor:} 9... Qf6 10. b4 axb4 11. axb4 Nf7 12. b5 O-O 13. bxc6 bxc6 14. cxd5 exd5 15. O-O g5 {1-0 (32) Corsi Ferrari,A-De las Heras,J (2205) Mar del Plata 1996}) 10. b4 axb4 11. axb4 Qf6 12. O-O Ng4 13. h3 Nh6 14. Qd1 (14. b5 $14) 14... Nf7 15. Ne1 ({Better is} 15. b5 $14) 15... g5 (15... dxc4 $11 16. Bxc4 Nb6) 16. c5 Bb8 17. f4 {[%emt 0:00:03] Inhibits e5.} Qg7 18. Kh2 Nf6 19. g3 Kh8 20. Nd3 Rg8 21. Rg1 Ne4 22. Nxe4 fxe4 23. Ne5 Bxe5 24. fxe5 Bd7 25. Rf1 (25. g4 $14) 25... Nh6 ({Black should try} 25... g4 $1 $11) 26. g4 $1 $14 Rgf8 27. Kg2 Ng8 28. Bd2 Ne7 29. Rxf8+ Qxf8 30. Ra1 Rb8 31. Be1 Kg7 32. Bg3 h6 33. Ra7 Nc8 34. Ra2 Qd8 $2 (34... Ne7 $16) 35. Qf1 $18 {[%emt 0:01:46][%cal Of1f6] Qf6+! is the strong threat.} Qf8 {[%emt 0:01:06] Inhibits Qf6+.} 36. Qe1 (36. Qf6+ $1 $18 {is the precise move to win.} Kg8 37. h4) 36... Qd8 $2 (36... Ne7 $16) 37. h4 $2 (37. Qf2 $18 {[%cal Of2f6] and the rest is easy. aiming for Qf6+!} Qf8 38. Qf6+ Kg8 39. h4) 37... Ne7 38. Qf2 Ng8 {[%emt 0:00:59] Inhibits Qf6+.} 39. Ra1 Qf8 40. Qe1 Ra8 41. Qb1 Ne7 42. Ra5 $36 {[%emt 0:01:24][%mdl 2048] Black is under strong pressure.} Rxa5 (42... Rb8 $16) 43. bxa5 Bc8 (43... Qa8 $142 44. h5 Kg8) 44. Qb6 Kf7 45. Qc7 Qe8 {[%emt 0:00:00] [#]} 46. Qb6 $2 (46. h5 $1 $18) 46... Kg7 $2 {[%emt 0:00:00] [#]} (46... Qf8 $1 $11) 47. h5 $1 Qd7 48. Kf1 Kf7 49. Ke1 Ke8 50. Kd1 Qd8 51. Kc2 Kd7 (51... Bd7 $16 52. a6 bxa6) 52. Kb3 Qc7 53. Ka4 Qd8 54. Bd1 (54. Qb1 $18 {and White stays clearly on top.}) 54... Ke8 (54... Qf8 $16 {was called for.} 55. Be2 Ke8) 55. Qb2 Ng8 56. Qf2 Qe7 57. Be2 Kd8 58. Bf1 Ke8 (58... Kc7 $142 59. Qb2 Kd7) 59. Bh2 Kd8 60. Bg3 (60. Kb4 $142) 60... Ke8 $1 61. Qb2 Qf7 62. Be2 {[%emt 0:00:05] Hoping for Qb6.} Qc7 63. Qb6 Kd8 64. Be1 {[%emt 0:00:03][%cal Bg3e1,Be1a5,Ba5b4,Bb4c5,Bc5e7][%mdl 32] Intending a6 and mate.} Kd7 65. a6 bxa6 66. Ba5 {[%emt 0:00:53] 0x0.001e3e06f2efdp-1022s more active pieces.} ({Don't do} 66. Bxa6 $6 Bxa6 67. Qxa6 Qb8 $14) 66... Qxb6 67. cxb6 $16 {[%emt 0:01:25][%mdl 4096] Endgame KBB-KBN} (67. Bxb6 $16 Ne7 68. Ka5) 67... Bb7 $2 (67... c5 $11) 68. Bb4 $18 {[%emt 0:00:03] Threatening mate with Ka5.} Ne7 69. Ka5 $2 (69. Bc5 $18 Nf5 70. gxf5 exf5 71. Bf8) 69... c5 $16 70. Bxc5 Nc6+ 71. Ka4 Ke8 {[%emt 0:00:11] Prevents Bf8.} 72. Ka3 Nb8 73. Bd1 Kf7 74. Ba4 Kg7 $2 (74... Nc6 $16 75. Bb4 Kg8) 75. Be7 (75. Kb4 $142 Nc6+ 76. Bxc6 Bxc6 77. Be7 Kg8 78. Kc5 Ba8 79. Kd6 Kf7 80. Kd7) 75... Kf7 $18 76. Bf6 {[%emt 0:01:03] Threatens to win with Kb4.} a5 77. Bb5 {[%emt 0:00:41] Ka4 would kill now.} Na6 (77... Nc6 $18 78. Kb3 Kf8) 78. Bxa6 ({Not} 78. Ka4 Nb4 $16) 78... Bxa6 79. Ka4 Bb7 {[%emt 0:00:54] Weighted Error Value: White=0.29 (precise) /Black=0.32} 1-0

[Event "IV Estrellas 2022"]
[Site "La Palma"]
[Date "2022.08.12"]
[Round "9.12"]
[White "Amador Garcia, Ismael"]
[Black "Perez Bolanos, David"]
[Result "1-0"]
[ECO "C65"]
[WhiteElo "2128"]
[BlackElo "2041"]
[Annotator "TA"]
[PlyCount "84"]
[EventDate "2022.08.06"]
[EventType "swiss"]
[EventCountry "ESP"]
[SourceTitle "playchess.com"]
[Source "ChessBase"]
[SourceQuality "1"]
[TimeControl "5400+30"]

1. e4 e5 2. Nf3 Nc6 3. Bb5 Nf6 4. d3 Bc5 5. c3 d5 6. exd5 {[%emt 0:00:08] C65: Ruy Lopez: Berlin Defence (3...Nf6), unusual lines and 4 0-0 Bc5.} Qxd5 {[%emt 0:00:08][%cal Oc5f2] ...Bxf2+! is the strong threat.} 7. Bc4 Qd8 8. Bg5 {[%emt 0:00:08] White is slightly better.} h6 {[%emt 0:03:20] [#]} 9. Bxf6 $146 ({Predecessor:} 9. Bh4 g5 10. Bg3 e4 11. Qe2 Qe7 12. dxe4 Nxe4 13. Nbd2 Nxg3 14. Qxe7+ Bxe7 15. fxg3 {1-0 (43) Shankland,S (2709)-Mamedyarov,S (2782) Saint Louis 2021}) 9... Qxf6 10. Nbd2 Bf5 11. Ne4 Bxe4 12. dxe4 O-O 13. O-O Rad8 14. Qc2 Ne7 15. b4 Bb6 16. a4 {[%emt 0:00:04][%cal Ba2a4,Ba4a5][%mdl 32] [#] Hoping for a5.} c6 17. a5 Bc7 18. Rfd1 Ng6 19. Nd2 (19. Qe2 {is interesting.} Nf4 20. Qe3 Qg6 21. g3) 19... Qe7 20. Nf1 Rxd1 21. Rxd1 Rd8 22. Ne3 Rxd1+ 23. Qxd1 Nf8 24. Nf5 Qf6 25. g3 Kh7 26. Qd2 Kg8 (26... b6 $142) 27. h4 $16 b6 28. a6 b5 29. Bb3 {[%emt 0:00:46] 0x0.001f25b4b7fbdp-1022s more active pieces.} Kh7 30. c4 Qe6 (30... bxc4 $16 31. Bxc4 Kg8) 31. Qc3 $18 {[%emt 0:04:59] aiming for cxb5.} bxc4 32. Bxc4 Qd7 {[%emt 0:00:15] [#]} 33. Kg2 ({White should try} 33. h5 $1 $16) 33... g6 $1 $14 34. Ne3 h5 35. Bb3 Ne6 {[%emt 0:05:52] Loses the game.} (35... Bb6 $1 $14) 36. Bxe6 $18 Qxe6 {[%emt 0:00:07][%mdl 4096] Endgame KQB-KQN} (36... fxe6 37. Nc4 Kg8) 37. b5 $1 {[%emt 0:01:56] White is clearly winning.} c5 38. Qxc5 Bb6 39. Qd5 {[%emt 0:00:37] Strongly threatening Qxe6.} Qf6 40. Qc6 Qd8 41. Nd5 Bd4 42. Qc7 (42. Qb7 $142 Kh8 43. b6 Bxb6 44. Nxb6) 42... Qe8 {[%emt 0:01:19] Weighted Error Value: White=0.18 (very precise) /Black=0.17 (very precise)} 1-0